 Dungeon Crawl Stone Soup version 0.32-a0-411-g744942f433 (webtiles) character file.

Game seed: 14455736975007526189

5472 zeratav the Cleaver (level 10, -10/93 HPs)
             Began as a Minotaur Fighter on Feb 21, 2024.
             Was a Follower of Beogh.
             Mangled by a boulder beetle (20 damage)
             ... on level 8 of the Dungeon.
             The game lasted 00:14:15 (6757 turns).

zeratav the Cleaver (Minotaur Fighter)              Turns: 6757, Time: 00:14:15

Health: -10/93     AC: 12    Str: 28    XL:     10   Next: 42%
Magic:  9/9        EV:  7    Int:  5    God:    Beogh [*.....]
Gold:   332        SH: 12    Dex: 15    Spells: 9/9 levels left

rFire   . . .        a - +1 war axe (flame) {axe}
rCold   . . .        E - +1 kite shield
rNeg    . . .        p - +0 plate armour
rPois   .            (helmet restricted)
rElec   .            (no cloak)
rCorr   .            g - +0 pair of gloves
SInv    +            k - +1 pair of boots of the Stars {Str+4 Dex+4}
Will    +....        (no amulet) Stlth
                     e - ring of willpower
HPRegen 0.35/turn    b - ring of see invisible
MPRegen 0.11/turn

%: no passive effects
@: no status effects
A: horns 2, retaliatory headbutt, talons 1, deformed body
a: Renounce Religion


You were on level 8 of the Dungeon.
You worshipped Beogh.
Beogh was aware of your devotion.
You visited 1 branch of the dungeon, and saw 8 of its levels.
You also visited: Sewer.

You collected 368 gold pieces.
You spent 36 gold pieces at shops.


Innate Abilities, Weirdness & Mutations

You have a pair of horns on your head.
You reflexively headbutt those who attack you in melee.
You have sharp toenails.
Armour fits poorly on your strangely shaped body.


   Skills:
 - Level 10.0 Fighting
 + Level 11.6 Axes
 - Level 8.0 Armour
 + Level 9.9 Shields


You had 9 spell levels left.
You didn't know any spells.
Your spell library contained the following spells:

 Spells                   Type           Power      Damage    Failure   Level
 Magic Dart               Conj           0%         1d3       100%        1
 Shock                    Conj/Air       0%         1d3       100%        1
 Blink                    Tloc           0%         N/A       100%        2
 Call Imp                 Summ           0%         N/A       100%        2
 Swiftness                Air            0%         N/A       100%        3
 Airstrike                Air            0%         2d(0-16)  100%        4
 Conjure Ball Lightning   Conj/Air       0%         3x3d6     100%        6
 Discord                  Hex            0%         N/A       100%        8
 Disjunction              Tloc           0%         N/A       100%        8

Inventory:

Hand Weapons
 a - a +1 war axe of flaming (weapon) {axe}
 s - a +2 sling of draining
   (You found it on level 7 of the Dungeon)
 K - a +5 flail of venom {mace}
   (You took it off Edmund on level 6 of the Dungeon)
Missiles
 H - 3 poisoned darts (quivered) {throwing}
Armour
 f - +0 steam dragon scales
   (You took it off Maggie on level 7 of the Dungeon)
 g - a +0 pair of gloves (worn)
   (You found it on level 1 of the Dungeon)
 k - the +1 pair of boots of the Stars (worn) {Str+4 Dex+4}
   (You acquired it on level 6 of the Dungeon)

   Str+4:     It affects your strength (+4).
   Dex+4:     It affects your dexterity (+4).
 p - a +0 plate armour (worn)
   (You found it on level 8 of the Dungeon)
 u - a +2 scale mail of poison resistance
   (You took it off Terence on level 3 of the Dungeon)
 E - a +1 kite shield (worn)
   (You found it on level 5 of the Dungeon)
Jewellery
 b - a ring of see invisible (right hand)
   (You found it on level 3 of the Dungeon)
 e - a ring of willpower (left hand)
   (You found it on level 1 of the Dungeon)
 G - a +6 ring of intelligence
   (You found it on level 5 of the Dungeon)
Wands
 c - a wand of mindburst (12)
   (You found it on level 7 of the Dungeon)
 z - a wand of roots (16)
   (You took it off Ijyb on level 3 of the Dungeon)
Scrolls
 i - a scroll of identify {@r1}
 j - a scroll of vulnerability {!r!r}
 l - a scroll of fog
 q - 3 scrolls of enchant armour
 r - 2 scrolls of amnesia
 t - 3 scrolls of blinking {!r}
 v - a scroll of poison {!r}
 w - 5 scrolls of teleportation {@r4}
 x - 2 scrolls of fear
Potions
 d - a potion of might
 h - a potion of resistance
 m - a potion of enlightenment
 n - a potion of curing {@q1}
 o - 3 potions of heal wounds {@q2}
 D - a potion of haste {@q3}
 J - a potion of lignification {!q}

Dungeon Overview and Level Annotations

Branches:
Dungeon (8/15) Zot: 26543  Temple (0/1) D:5           Sewer (visited)
   Lair: D:8-11

Altars:
Xom
The Shining One

Shops:
D:7

? ..# ..# #.. ...#
<.# ###.# ..# #..#
#...# #.# ...#
#.#.####.#### ...##
#.#>#.......#
#....##.#.#..>....#
#..#....#.#....)..#
#..###.........)@B#
##.. ##.#.#)...†..#
#....#..#.#.......#
.....o.##.#.......#
..#.#†###.#.....).#
..... #.#.......#
...... .#######.##
..B... . #.# B.....
.#


You could see a boulder beetle.


Message History

There is a stone staircase leading up, spattered with blood here.
HP[-22]
You take 22 damage, and now have 71/93 hp.
MASSIVE DAMAGE!! (PAUSE)
You slash the boulder beetle! You burn the boulder beetle.
Your headbutt misses the boulder beetle.
You closely miss the orc warrior. The orc warrior completely misses you.
You block the boulder beetle's attack.
HP[+1]
You hit the boulder beetle but do no damage.
You headbutt the boulder beetle.
You hit the orc warrior but do no damage.
You slash the rime drake! You burn the rime drake!
The orc warrior hits you with a +0 long sword!
You block the rime drake's attack. You block the boulder beetle's attack.
HP[-8]
You take 8 damage, and now have 64/93 hp.
You slice the rime drake!! You burn the rime drake.
You kill the rime drake!
Beogh accepts your kill.
You barely miss the boulder beetle.
You hit the orc priest but do no damage.
You closely miss the orc warrior. You block the orc warrior's attack.
You block the boulder beetle's attack.
The orc priest hits you with a +0 hand axe!
Training target 10.0 for Fighting reached!
Your Fighting skill increases to level 10!
HP[-7]
You take 7 damage, and now have 57/93 hp.
You hit the boulder beetle but do no damage.
You headbutt the boulder beetle. You hit the orc priest.
You burn the orc priest. You hit the orc warrior. You burn the orc warrior.
The orc warrior hits you with a +0 long sword.
You block the boulder beetle's attack.
The orc priest hits you but does no damage.
HP[-3]
You take 3 damage, and now have 54/93 hp.
You hit the boulder beetle but do no damage.
You headbutt the boulder beetle, but do no damage.
You hit the orc priest. You burn the orc priest. You slash the orc warrior!
You burn the orc warrior.
The orc warrior hits you with a +0 long sword!
* * * LOW HITPOINT WARNING * * *
You block the boulder beetle's attack.
The orc priest hits you but does no damage.
HP[-12]
You take 12 damage, and now have 42/93 hp.
You are too injured to fight recklessly!
You are too injured to fight recklessly!
You slash the orc warrior! You burn the orc warrior.
You kill the orc warrior!
Beogh accepts your kill.
You slash the orc priest! You burn the orc priest.
You kill the orc priest!
Beogh accepts your kill.
Beogh appreciates your killing of a heretic priest.
You barely miss the boulder beetle. You hit the boulder beetle.
You burn the boulder beetle. You block the boulder beetle's attack.
HP[+1]
You hit the boulder beetle. You burn the boulder beetle.
You headbutt the boulder beetle, but do no damage.
You block the boulder beetle's attack. The boulder beetle bites you.
* * * LOW HITPOINT WARNING * * *
HP[-2]
You take 2 damage, and now have 41/93 hp.
You hit the boulder beetle. You burn the boulder beetle.
The boulder beetle bites you but does no damage.
HP[+1]
You hit the boulder beetle but do no damage.
You block the boulder beetle's attack.
You hit the boulder beetle. You burn the boulder beetle.
The boulder beetle bites you.
* * * LOW HITPOINT WARNING * * *
HP[-6]
You take 6 damage, and now have 36/93 hp.
You hit the boulder beetle. You burn the boulder beetle.
You headbutt the boulder beetle, but do no damage.
The boulder beetle bites you!
* * * LOW HITPOINT WARNING * * *
HP[-7]
You take 7 damage, and now have 29/93 hp.
You hit the boulder beetle. You burn the boulder beetle.
You headbutt the boulder beetle, but do no damage.
The boulder beetle bites you but does no damage.
You hit the boulder beetle but do no damage.
You headbutt the boulder beetle, but do no damage.
The boulder beetle bites you!
* * * LOW HITPOINT WARNING * * *
HP[-11]
You take 11 damage, and now have 18/93 hp.
You hit the boulder beetle but do no damage.
You headbutt the boulder beetle, but do no damage.
The boulder beetle bites you!
* * * LOW HITPOINT WARNING * * *
HP[-8]
You take 8 damage, and now have 10/93 hp.
You hit the boulder beetle but do no damage.
The boulder beetle bites you!!
You die...

Skill      XL: |  1  2  3  4  5  6  7  8  9 10 |
---------------+-------------------------------+-----
Axes           | 3 4 5 8 9 10 11 | 11.6
Fighting       | 6 8 9 10 | 10.0
Armour         | 6 8 |  8.0
Shields        | 5 9 |  9.9

Action                     |  1- 3 |  4- 6 |  7- 9 | 10-12 || total
---------------------------+-------+-------+-------+-------++-------
  Melee: War axe           |    75 |   116 |   291 |    90 ||   572
         Headbutt          |     5 |    25 |    50 |    23 ||   103
 Invoke: Convert to Beogh  |       |       |     1 |       ||     1
    Use: Scroll            |       |       |    14 |       ||    14
         Potion            |       |       |    10 |     1 ||    11
 Armour: Scale mail        |    60 |    62 |   213 |     8 ||   343
         Plate armour      |       |       |       |    40 ||    40
  Dodge: Dodged            |    30 |    49 |   112 |    13 ||   204
  Block: Buckler           |    14 |    20 |    44 |       ||    78
         Kite shield       |       |       |    44 |    38 ||    82

Levels and vault maps discovered:
D:1:      amcnicky_arrival_choice, layout_rooms, ebering_ecumenical_altar_mist,
          serial_bayou_lagoon_b
D:2:      minmay_razor_zed, layout_basic
D:3:      layout_basic, minmay_misc_feat_iff, nicolae_eternal_life,
          kennysheep_cross_room, uniq_ijyb, uniq_terence, uniq_grinder
D:4:      layout_rooms, gup_sewer_entry_bubbles, nicolae_the_louvre,
          uniq_natasha
D:5:      layout_loops_ring, dk_xom_monty_hall,
          minmay_temple_entry_statues_pillars, uniq_prince_ribbit1
D:6:      layout_loops_ring, mainiacjoe_overflow_six_doors_small, st_stairs_3,
          uniq_eustachio, uniq_sigmund, uniq_edmund, uniq_duvessa
D:7:      layout_cave_pools, serial_shops, shop_fountains, dk_rats_in_the_wall,
          uniq_maggie
D:8:      argonaut_augean_stables, layout_rooms, hellmonk_lair_entry_icy

Notes
Turn   | Place    | Note
-------+----------+-------------------------------------------
     0 | D:1      | zeratav the Minotaur Fighter began the quest for the Orb.
     0 | D:1      | Reached XP level 1. HP: 19/19 MP: 0/0
     0 | D:1      | magus.rc [v1.9.6]
    48 | D:1      | Reached skill level 3 in Axes
    50 | D:1      | Reached XP level 2. HP: 22/26 MP: 1/1
    58 | D:1      | Reached skill level 4 in Axes
   191 | D:1      | Reached XP level 3. HP: 31/31 MP: 2/2
   346 | D:1      | Found a faded altar of an unknown god.
   481 | D:2      | Reached skill level 5 in Axes
   525 | D:2      | You pick up a book of Chaos and begin reading...
   525 | D:2      | You add the spells Conjure Ball Lightning, Disjunction and
                  | Discord to your library.
   653 | D:2      | Reached XP level 4. HP: 38/38 MP: 3/3
   755 | D:2      | Reached skill level 6 in Axes
   827 | D:2      | You pick up a book of Minor Magic and begin reading...
   827 | D:2      | You add the spells Magic Dart, Blink and Call Imp to your
                  | library.
  1246 | D:3      | Noticed Grinder
  1252 | D:3      | Killed Grinder
  1253 | D:3      | Reached skill level 8 in Axes
  1253 | D:3      | Reached XP level 5. HP: 37/45 MP: 4/4
  1253 | D:3      | Reached XP level 6. HP: 42/51 MP: 5/5
  1542 | D:3      | Noticed Terence
  1545 | D:3      | Killed Terence
  1699 | D:3      | Noticed Ijyb
  1708 | D:3      | Killed Ijyb
  2029 | D:4      | Reached skill level 9 in Axes
  2159 | D:4      | Found a glowing drain.
  2167 | D:4      | Reached XP level 7. HP: 57/57 MP: 6/6
  2172 | Sewer    | Entered a sewer
  2445 | Sewer    | Reached skill level 10 in Axes
  2445 | Sewer    | Reached skill level 4 in Fighting
  2838 | D:4      | Noticed Natasha
  2845 | D:4      | Killed Natasha
  2854 | D:4      | Noticed Natasha
  2860 | D:4      | Killed Natasha
  2957 | D:4      | Reached skill level 5 in Fighting
  3079 | D:4      | Noticed Natasha
  3086 | D:4      | Killed Natasha
  3146 | D:5      | Entered Level 5 of the Dungeon
  3159 | D:5      | Reached skill level 6 in Fighting
  3174 | D:5      | Reached XP level 8. HP: 51/71 MP: 7/7
  3232 | D:5      | Noticed Prince Ribbit
  3246 | D:5      | Killed Prince Ribbit
  3247 | D:5      | Reached skill level 7 in Fighting
  3368 | D:5      | Reached skill level 8 in Fighting
  3497 | D:5      | Reached skill level 4 in Armour
  3568 | D:5      | Found a shimmering altar of Xom.
  3601 | D:5      | Reached skill level 5 in Armour
  3601 | D:5      | Reached skill level 4 in Shields
  3793 | D:5      | Found a staircase to the Ecumenical Temple.
  4189 | D:5      | Reached skill level 6 in Armour
  4189 | D:5      | Reached skill level 5 in Shields
  4246 | D:6      | Noticed Duvessa
  4247 | D:6      | Noticed Dowan
  4252 | D:6      | Killed Duvessa
  4255 | D:6      | Killed Dowan
  4256 | D:6      | Reached XP level 9. HP: 56/81 MP: 8/8
  4261 | D:6      | Reached skill level 7 in Armour
  4261 | D:6      | Reached skill level 6 in Shields
  4529 | D:6      | Noticed Sigmund
  4539 | D:6      | Killed Sigmund
  4567 | D:6      | Reached skill level 7 in Shields
  4615 | D:6      | Noticed Eustachio
  4629 | D:6      | Killed Eustachio
  4630 | D:6      | Reached skill level 8 in Armour
  4848 | D:6      | Noticed Edmund
  4860 | D:6      | Killed Edmund
  4861 | D:6      | Reached skill level 8 in Shields
  5066 | D:6      | Became a worshipper of Beogh the Shepherd
  5291 | D:6      | Found a glowing golden altar of the Shining One.
  5504 | D:7      | Found Asocvunu's Magic Scroll Emporium.
  5509 | D:7      | Bought a scroll of noise for 12 gold pieces
  5509 | D:7      | Bought a scroll of identify for 24 gold pieces
  5529 | D:6      | Identified a scroll of acquirement
  5529 | D:6      | Acquired the +1 pair of boots of the Stars {Str+4 Dex+4}
  5685 | D:6      | Gained mutation: Armour fits poorly on your strangely
                  | shaped body. [potion of mutation]
  5685 | D:6      | Gained mutation: You have sharp toenails. [potion of
                  | mutation]
  5813 | D:7      | Noticed Maggie
  5815 | D:7      | Reached skill level 9 in Fighting
  5827 | D:7      | Killed Maggie
  5828 | D:7      | Reached skill level 9 in Shields
  5828 | D:7      | Reached XP level 10. HP: 58/91 MP: 9/9
  5923 | D:7      | You pick up a book of Air and begin reading...
  5923 | D:7      | You add the spells Shock, Swiftness and Airstrike to your
                  | library.
  6353 | D:8      | Reached skill level 11 in Axes
  6410 | D:7      | Reached * piety under Beogh
  6492 | D:8      | Noticed a boulder beetle
  6509 | D:8      | HP: 21/93 [rime drake/icy flash freeze (19)]
  6516 | D:8      | HP: 8/93 [orc priest/divine providence (15)]
  6525 | D:8      | HP: 18/93 [rime drake/icy flash freeze (11)]
  6745 | D:8      | Reached skill level 10 in Fighting
  6755 | D:8      | HP: 18/93 [boulder beetle (11)]
  6757 | D:8      | Mangled by a boulder beetle

Vanquished Creatures
  Maggie (D:7)
  A rime drake (D:8)
  A polar bear (D:8)
  Prince Ribbit (D:5)
  Grinder (D:3)
  Sigmund (D:6)
  A wyvern (D:8)
  Eustachio (D:6)
  Edmund (D:6)
  A water moccasin (D:7)
  Duvessa (D:6)
  3 orc warriors
  7 ice beasts
  A sky beast (D:7)
  3 ogres
  3 wolves (D:8)
  A phantom (D:4)
  A kobold brigand (D:7)
  2 bullfrogs (Sewer)
  A scorpion (D:4)
  7 wights
  Dowan (D:6)
  4 killer bees (D:6)
  2 bombardier beetles
  3 jellies (D:5)
  A hound (D:5)
  2 orc priests
  Ijyb (D:3)
  5 orc wizards
  2 iguanas
  2 sleepcaps
  Natasha (thrice) (D:4)
  Terence (D:3)
  4 gnolls (D:5)
  9 river rats
  8 adders
  4 ufetubi (D:6)
  14 dart slugs
  3 ribbon worms
  11 orcs
  11 endoplasms
  16 giant cockroaches
  2 goblins
  6 hobgoblins
  3 jackals (D:1)
  9 quokkas
  9 ball pythons
  6 bats
  10 frilled lizards
  13 kobolds
  20 rats
225 creatures vanquished.

Vanquished Creatures (others)
  An orc (D:8)
  A kobold (D:7)
2 creatures vanquished.

Grand Total: 227 creatures vanquished

Table legend:
 A = Non-vault XP
 B = Vault XP
 C = Vault XP percentage of total XP
 D = Non-vault monster count
 E = Vault monster count
 F = Vault count percentage of total count
                 A         B        C        D         E       F
            +---------+---------+-------+---------+---------+-------
      Total |    3748 |    4070 |  52.1 |     134 |      92 |  40.7
            +---------+---------+-------+---------+---------+-------
        D:1 |      68 |       0 |   0.0 |      28 |       0 |   0.0
        D:2 |      81 |      44 |  35.2 |      18 |      10 |  35.7
        D:3 |      38 |     335 |  89.8 |      12 |       3 |  20.0
        D:4 |     299 |      85 |  22.1 |      16 |       9 |  36.0
        D:5 |     900 |     349 |  27.9 |      16 |       3 |  15.8
        D:6 |    1041 |     985 |  48.6 |      23 |       7 |  23.3
        D:7 |     924 |     556 |  37.6 |      18 |      22 |  55.0
        D:8 |     397 |    1414 |  78.1 |       3 |       8 |  72.7
      Sewer |       0 |     302 | 100.0 |       0 |      30 | 100.0
            +---------+---------+-------+---------+---------+-------

Skill      XL: |  1  2  3  4  5  6  7  8  9 10 |
---------------+-------------------------------+-----
Axes           | 3 4 5 8 9 10 11 | 11.6
Fighting       | 6 8 9 10 | 10.0
Armour         | 6 8 |  8.0
Shields        | 5 9 |  9.9

Action                     |  1- 3 |  4- 6 |  7- 9 | 10-12 || total
---------------------------+-------+-------+-------+-------++-------
  Melee: War axe           |    75 |   116 |   291 |    90 ||   572
         Headbutt          |     5 |    25 |    50 |    23 ||   103
 Invoke: Convert to Beogh  |       |       |     1 |       ||     1
    Use: Scroll            |       |       |    14 |       ||    14
         Potion            |       |       |    10 |     1 ||    11
 Armour: Scale mail        |    60 |    62 |   213 |     8 ||   343
         Plate armour      |       |       |       |    40 ||    40
  Dodge: Dodged            |    30 |    49 |   112 |    13 ||   204
  Block: Buckler           |    14 |    20 |    44 |       ||    78
         Kite shield       |       |       |    44 |    38 ||    82

Illustrated notes

Table legend:
 A = Kills in this place as a percentage of kills in the entire game.
 B = Kills by you in this place as a percentage of kills by you in the entire game.
 C = Kills by friends in this place as a percentage of kills by friends in the entire game.
 D = Other kills in this place as a percentage of other kills in the entire game.
 E = Experience gained in this place as a percentage of experience gained in the entire game.
 F = Experience gained in this place divided by the number of levels of this place that you have seen.
                   A       B       C       D       E      F
               +-------+-------+-------+-------+-------+----------------------
         Total | 100.0 | 100.0 |   N/A | 100.0 | 100.0 | 868.7
       Dungeon |  86.7 |  86.7 |   N/A | 100.0 |  96.1 | 939.5
         Sewer |  13.3 |  13.3 |   N/A |   0.0 |   3.9 | 302.0
               +-------+-------+-------+-------+-------+----------------------

Table legend: (Time is in decaauts)
 A = Elapsed time spent in this place.
 B = Non-inter-level travel time spent in this place.
 C = Inter-level travel time spent in this place.
 D = Time resting spent in this place.
 E = Time spent auto-exploring this place.
 F = Levels seen in this place.
 G = Mean time per level.
                   A        B        C        D        E       F      G
               +--------+--------+--------+--------+--------+-----+--------+
         Total |   6985 |   6716 |    269 |    713 |   4355 |   9 |  776.1 |
       Dungeon |   6228 |   5959 |    269 |    713 |   4052 |   8 |  778.5 |
         Sewer |    756 |    756 |      0 |      0 |    303 |   1 |  756.0 |
               +--------+--------+--------+--------+--------+-----+--------+

Top non-repeatable levels by time:
     D:6: 1384 daAuts
     D:5: 1097 daAuts
     D:7: 996 daAuts
     D:3: 786 daAuts
     D:2: 778 daAuts
   Sewer: 756 daAuts
     D:4: 547 daAuts
     D:1: 498 daAuts
     D:8: 139 daAuts
